 Dungeon Crawl Stone Soup version 0.20.0-8-g6b59dc7 (webtiles) character file.

532532 Serafim the Slayer (level 24, -2/238 HPs)
             Began as a Minotaur Fighter on June 1, 2017.
             Was the Champion of Okawaru.
             Slain by an acid blob (24 damage)
             ... on level 4 of the Pits of Slime on June 2, 2017.
             The game lasted 08:19:13 (53103 turns).

Serafim the Slayer (Minotaur Fighter)              Turns: 53103, Time: 08:19:14

Health: -2/238     AC: 15    Str: 42    XL:     24   Next: 47%
Magic:  8/22       EV: 17    Int: 10    God:    Okawaru [******]
Gold:   5097       SH: 24    Dex: 15    Spells: 25/35 levels left

rFire    + + .     SeeInvis +   V - +7 broad axe "Killer Bee's Regret" {freeze, Stlth+}
rCold    + + +     Gourm    .   l - +2 shield {AC+3}
rNeg     + + +     Faith    .   y - +5 gold dragon scales of Masochism {+Inv rPois rF+ rC+ rCorr Str+2 Dex+2}
rPois    +         Spirit   .   N - +2 hat of Chimes {rPois rF+ rN+}
rElec    +         Reflect  +   K - +2 cloak "Moaxzufi" {Int+5 Stlth+}
rCorr    +         Harm     .   a - +0 pair of gloves of Biluet {rC+ Dex-4 Slay+3}
MR       ++++.     Clarity  +   k - +1 pair of boots of the Eternal Fruit {MR++} Stlth ..........NoTele +
                                S - amulet "Rirghoumn" {Reflect Str+2 SH+3}
Regen    0.5/turn               t - ring of Weptezaw {rElec rC+ rN+++ MP-9 Dex+3}
MPRegen  0.2/turn               w - ring of Hutosoo {-Tele rPois Str+7 SInv}

@: corroded
A: retaliatory headbutt, beak, horns 2, icy blue scales 1, thin skeletal
structure 1, camouflage 1, clarity, magic resistance 1, teleportitis 1, wild
magic 1, sturdy frame 1
}: 3/15 runes: barnacled, silver, gossamer
a: Heroism, Finesse, Renounce Religion, Evoke Invisibility


You were on level 4 of the Pits of Slime.
You worshipped Okawaru.
Okawaru was exalted by your worship.
You were hungry.

You visited 10 branches of the dungeon, and saw 46 of its levels.
You also visited: Bailey and Ice Cave.

You collected 5664 gold pieces.
You spent 567 gold pieces at shops.

Inventory:

Hand Weapons
 V - the +7 broad axe "Killer Bee's Regret" (weapon) {freeze, Stlth+}
   (Okawaru gifted it to you on level 11 of the Dungeon)

   It has been specially enchanted to freeze those struck by it, causing extra
   injury to most foes and up to half again as much damage against particularly
   susceptible opponents.
   It can also slow down cold-blooded creatures.
   It makes you more stealthy.
 X - a +4 war axe of flaming
Missiles
 T - 13 javelins of returning (quivered)
Armour
 a - the +0 pair of gloves of Biluet (worn) {rC+ Dex-4 Slay+3}
   (You acquired it on level 9 of the Dungeon)

   It affects your dexterity (-4).
   It affects your accuracy and damage with ranged weapons and melee attacks
   (+3).
   It protects you from cold.
 k - the +1 pair of boots of the Eternal Fruit (worn) {MR++}
   (Okawaru gifted it to you on level 1 of the Lair of Beasts)

   It affects your resistance to hostile enchantments.
 l - a +2 shield of protection (worn)
 y - the +5 gold dragon scales of Masochism (worn) {+Inv rPois rF+ rC+ rCorr Str+2 Dex+2}
   (You acquired it on level 13 of the Dungeon)

   It affects your strength (+2).
   It affects your dexterity (+2).
   It protects you from fire.
   It protects you from cold.
   It protects you from poison.
   It lets you turn invisible.
   It protects you from acid and corrosion.
 K - the +2 cloak "Moaxzufi" (worn) {Int+5 Stlth+}
   (Okawaru gifted it to you in an ice cave)

   It affects your intelligence (+5).
   It makes you more stealthy.
 N - the +2 hat of Chimes (worn) {rPois rF+ rN+}
   (Okawaru gifted it to you on level 4 of the Spider Nest)

   It protects you from fire.
   It protects you from poison.
   It protects you from negative energy.
Jewellery
 r - the ring "Vepn" {MR+ Dex+5}
   (You took it off a yaktaur captain on level 5 of the Vaults)

   [ring of protection from magic]

   It affects your dexterity (+5).
   It affects your resistance to hostile enchantments.
 t - the ring of Weptezaw (left hand) {rElec rC+ rN+++ MP-9 Dex+3}
   (You found it on level 3 of the Lair of Beasts)

   [ring of protection from cold]

   It affects your dexterity (+3).
   It protects you from cold.
   It insulates you from electricity.
   It renders you almost immune to negative energy.
   It affects your magic capacity (-9).
 w - the ring of Hutosoo (right hand) {-Tele rPois Str+7 SInv}
   (You found it on level 5 of the Vaults)

   [ring of see invisible]

   It affects your strength (+7).
   It protects you from poison.
   It lets you see invisible.
   It prevents most forms of teleportation.
 J - an uncursed ring of flight
 S - the amulet "Rirghoumn" (around neck) {Reflect Str+2 SH+3}
   (You bought it in a shop on level 3 of the Elven Halls)

   [amulet of reflection]

   It shields you and reflects attacks.
   It affects your strength (+2).
   It affects your SH (+3).
Wands
 E - a wand of disintegration (18/24)
 R - a wand of digging (12/24)
Scrolls
 h - 27 scrolls of remove curse
 n - 11 scrolls of identify
 o - 7 scrolls of blinking
 L - 18 scrolls of teleportation
Potions
 p - 12 potions of curing
 C - a potion of mutation
 Q - 4 potions of heal wounds
Books
 D - a book of Necromancy

   Spells                             Type                      Level
   a - Pain                           Necromancy                   1
   b - Animate Skeleton               Necromancy                   1
   c - Vampiric Draining              Necromancy                   3
   d - Regeneration                   Charms/Necromancy            3
   e - Animate Dead                   Necromancy                   4
   f - Control Undead                 Necromancy                   4
Miscellaneous
 d - a lightning rod (4/4)
 i - 3 boxes of beasts
Comestibles
 f - 20 bread rations
 j - 29 royal jellies
 s - 30 meat rations
 B - 16 fruits


   Skills:
 * Level 24.2 Fighting
 + Level 23.1 Axes
 * Level 9.9 Throwing
 * Level 19.9 Armour
 * Level 14.0 Dodging
 - Level 4.0 Stealth
 + Level 21.5 Shields
 - Level 6.0 Spellcasting
   Level 1.2 Conjurations
   Level 1.1 Hexes
 + Level 1.1 Charms
 + Level 8.2 Summonings
 + Level 1.2 Necromancy
 - Level 2.1 Translocations
 * Level 3.5 Transmutations
 - Level 4.1 Evocations


You had 25 spell levels left.
You knew the following spells:

 Your Spells              Type           Power        Failure   Level  Hunger
a - Blink                 Tloc           N/A          54%         2    ##.....
b - Call Imp              Summ           ####....     7%          2    ##.....
c - Summon Small Mammal   Summ           ####         4%          1    None
d - Sticks to Snakes      Tmut           ##......     36%         2    ##.....
e - Regeneration          Chrm/Necr      #.........   88%         3    ###....


Dungeon Overview and Level Annotations

Branches:
Dungeon (15/15)            Temple (1/1) D:4            Lair (6/6) D:10
 Shoals (4/4) Lair:2       Spider (4/4) Lair:3        Slime (5/5) Lair:6
    Orc (2/2) D:9             Elf (3/3) Orc:2        Vaults (5/5) D:13
  Crypt (0/3) Vaults:2     Depths (1/5) D:15

Altars:
Ashenzari
Cheibriados
Dithmenos
Elyvilon
Fedhas
Gozag
Hepliaklqana
Kikubaaqudgha
Makhleb
Nemelex Xobeh
Okawaru
Qazlal
Ru
Sif Muna
Trog
Uskayaw
Vehumet
Xom
Yredelemnul
Zin
The Shining One
Beogh
Jiyva
Lugonu

Shops:
D:8 :   D:9 ([   Orc:2 ([}(   Elf:1 *   Elf:3 =   Shoals:3 =

Portals:
Hell: Depths:1
Pandemonium: Depths:1
Ziggurat: Depths:1
Trove: Vaults:3 (give 5 scrolls of blinking)

Annotations:
D:7 exclusion: ice statue
Shoals:2 1 exclusion
Vaults:5 1 exclusion


Innate Abilities, Weirdness & Mutations

You reflexively headbutt those who attack you in melee.
You have a pair of horns on your head.
You have a beak for a mouth.
You are partially covered in icy blue scales. (AC +2)
You have a somewhat thin skeletal structure. (Dex +2, Stealth)
Your skin changes colour to match your surroundings (Stealth+).
You possess an exceptional clarity of mind.
You are resistant to hostile enchantments. (MR+)
You are occasionally teleported next to monsters.
Your spells are a little harder to cast, but a little more powerful.
Your movements are slightly less encumbered by armour. (ER -2)


Message History

The slime creature hits you.
* * * LOW HITPOINT WARNING * * *
The acid blob hits you but does no damage.
A slime creature comes into view.
The slime creature quivers.
The acid blob spits acid at you. The splash of acid hits you! You resist.
* * * LOW HITPOINT WARNING * * *
The acid corrodes you!
You are splashed with acid!
The acid burns!
You resist.
* * * LOW HITPOINT WARNING * * *
The acid blob spits acid at you. The splash of acid hits you!
The acid corrodes you!
You are splashed with acid!
The acid burns!
You resist.
* * * LOW HITPOINT WARNING * * *
You block the acid blob's attack.
You feel much better. You block the acid blob's attack.
The slime creature hits you!
* * * LOW HITPOINT WARNING * * *
The acid blob hits you!!
You die...

.#.............
............<...
.............J..
.......J.JJ#....
#...............
.#..............
........J.......
......JJJ.....J.
#......@J.......
##......J.......
#......#......J.
....J.###...G...
...... .......
...... .......
..... #......
..... #...#


You could see 3 acid blobs, an azure jelly, 9 slime creatures and an eye of
draining.

Vanquished Creatures
  the Royal Jelly (Slime:5)
  An ancient lich (Vaults:5)
  Mara (Shoals:4)
  Sojobo (Vaults:5)
  Saint Roka (Vaults:5)
  A golden dragon (Vaults:5)
  Arachne (Spider:3)
  Jorgrun (Vaults:4)
  4 tentacled monstrosities (Vaults:5)
  2 titans (Vaults:5)
  3 deep elf blademasters
  Asterion (Elf:1)
  2 liches
  A quicksilver dragon (Vaults:5)
  19 acid blobs
  Frances (Spider:1)
  A deep elf master archer (Elf:3)
  5 sphinxes
  Polyphemus (Shoals:2)
  A shadow dragon (Vaults:5)
  4 krakens
  6 tengu reavers
  2 storm dragons
  Kirke (Shoals:3)
  4 fire giants (Vaults:5)
  7 deep elf sorcerers
  Ilsuiw (Shoals:4)
  18 azure jellies
  Roxanne (Spider:3)
  15 vault wardens
  Louise (Shoals:2)
  4 emperor scorpions (Spider:4)
  5 frost giants
  5 ghost moths
  The ghost of Jannitor the Fighter, a journeyman MiGl of Gozag (Orc:2)
  A ghoul (Vaults:5)
  2 orc warlords
  Aizul (Shoals:3)
  20 ironheart preservers
  3 deep elf elementalists
  3 war gargoyles (Vaults:5)
  The ghost of Lavandula the Cleaver, a journeyman DsBe of Trog (D:15)
  15 stone giants
  An entropy weaver (shapeshifter) (Vaults:5)
  Nessos (Lair:4)
  11 entropy weavers
  7 very ugly things
  8 deep elf demonologists
  A dire elephant (shapeshifter) (Vaults:5)
  13 deep elf annihilators
  3 spark wasps
  A vampire knight (Depths:1)
  4 merfolk javelineers (Shoals:4)
  Snorg (Lair:4)
  6 deep elf death magi
  10 death oozes (Slime:5)
  14 ettins
  An ettin (shapeshifter) (D:15)
  A minotaur (Shoals:1)
  6 merfolk impalers
  2 fire dragons
  18 yaktaur captains
  Harold (Lair:6)
  4 deep elf high priests
  7 ogre magi
  3 rakshasas
  27 vault guards
  7 great orbs of eyes
  4 ice dragons
  7 merfolk avatars
  9 hydras
  4 catoblepae
  An anaconda (shapeshifter) (Vaults:2)
  11 centaur warriors
  3 death knights
  11 death yaks
  2 merfolk aquamancers (Shoals:4)
  The ghost of raetorn the Fighter, a novice DsGl of Makhleb (D:8)
  2 alligator snapping turtles (Shoals:4)
  A satyr (Shoals:4)
  2 deep troll shamans
  24 two-headed ogres
  4 deep troll earth magi
  26 dancing weapons
  Urug (D:11)
  2 orc high priests (Orc:2)
  20 deep elf knights
  4 iron trolls (Depths:1)
  A storm dragon skeleton (Vaults:4)
  A skeletal warrior (Vaults:3)
  15 deep trolls
  15 sea snakes
  An orange crystal statue (D:10)
  4 unseen horrors
  A death drake (shapeshifter) (Vaults:4)
  2 shadow wraiths (Vaults:4)
  4 glowing orange brains
  A shadow dragon zombie (Vaults:4)
  4 wizards
  7 lindwurms
  18 ironbrand convokers
  Pikel (D:5)
  A wolf spider zombie (D:14)
  37 harpies
  17 deep elf archers
  An obsidian statue (D:10)
  21 orb spiders
  A frost giant zombie (Vaults:4)
  6 shining eyes
  An orb spider (shapeshifter) (D:14)
  5 necromancers
  8 orc knights
  10 phantasmal warriors
  29 wolf spiders
  15 fauns
  2 oklob plants (Lair:3)
  4 orc sorcerers
  15 cyclopes
  60 deep elf magi
  80 slime creatures
  A salamander (shapeshifter) (D:15)
  37 ugly things
  13 manticores
  6 elephants
  A tengu skeleton (Vaults:4)
  2 moths of wrath
  An ice statue (IceCv)
  An elephant (shapeshifter) (Vaults:3)
  4 black mambas
  14 vault sentinels
  7 merfolk sirens
  The ghost of Serafim the Shield-Bearer, a novice MiFi (D:4)
  A stone giant skeleton (Vaults:4)
  A gargoyle (D:11)
  7 water nymphs
  An eye of devastation (Slime:5)
  2 spiny frogs (shapeshifter)
  A storm dragon simulacrum (Vaults:3)
  15 spiny frogs
  6 rime drakes
  53 yaktaurs
  19 freezing wraiths
  10 demonic crawlers
  7 komodo dragons
  3 efreet
  3 meliai (Shoals:1)
  2 yaktaur skeletons
  31 jumping spiders
  A meliai (shapeshifter) (Vaults:3)
  2 polar bears (shapeshifter)
  8 trolls
  4 polar bears
  A wind drake (shapeshifter) (Vaults:1)
  2 queen bees (shapeshifter)
  20 merfolk
  8 wind drakes
  13 hornets
  A hornet (shapeshifter) (Depths:1)
  An ettin zombie (Depths:1)
  A blink frog (shapeshifter) (Vaults:4)
  A dream sheep (shapeshifter) (Vaults:5)
  14 blink frogs
  10 snapping turtles
  7 dream sheep (Lair:5)
  10 hippogriffs
  67 redbacks
  A shadow (D:14)
  10 water elementals
  40 yaks
  Sigmund (D:3)
  A redback (shapeshifter) (D:15)
  4 air elementals
  An ice dragon skeleton (Depths:1)
  19 tarantellas
  6 wraiths
  A yak (shapeshifter) (D:13)
  7 hogs (Shoals:3)
  6 wyverns
  3 basilisks
  3 death yak simulacra (IceCv)
  Grum (Lair:1)
  2 basilisks (shapeshifter)
  A steam dragon (D:10)
  2 hungry ghosts
  5 vampire mosquitoes
  Menkaure (D:5)
  4 wargs
  5 acid dragons
  2 soldier ants
  Duvessa (D:5)
  10 water moccasins
  A floating eye (Depths:1)
  8 porcupines
  11 ice beasts
  2 black bears
  An ettin simulacrum (Vaults:3)
  48 orc warriors
  A black bear (shapeshifter) (Vaults:1)
  6 eyes of draining
  3 sky beasts
  A necrophage (D:10)
  2 slaves (D:5)
  A deep troll simulacrum (Depths:1)
  An ogre (shapeshifter) (Vaults:2)
  2 phantoms
  30 ogres
  2 boggarts
  11 wolves
  19 centaurs
  12 crocodiles
  22 bullfrogs
  A big kobold (D:9)
  A human skeleton (Vaults:4)
  Dowan (D:5)
  A hornet simulacrum (D:10)
  A wyvern skeleton (D:14)
  3 scorpions
  An elephant simulacrum (IceCv)
  10 wights
  7 electric eels
  4 howler monkeys
  6 crimson imps
  5 centaur zombies
  A bullfrog zombie (D:10)
  10 draconian simulacra (IceCv)
  5 hounds
  4 jellies
  4 bullfrog skeletons
  25 orc priests
  30 orc wizards
  5 centaur skeletons
  3 troll simulacra (IceCv)
  A spriggan simulacrum (IceCv)
  10 worker ants
  3 centaur simulacra
  A hound zombie (D:5)
  3 hound skeletons
  A howler monkey zombie (D:6)
  Robin (D:3)
  4 gnolls (Bailey)
  3 naga simulacra (IceCv)
  11 adders
  2 ogre simulacra (IceCv)
  4 shadow imps
  17 white imps
  3 ufetubi (D:10)
  An ooze (shapeshifter) (Vaults:1)
  An ooze (D:2)
  3 adder skeletons
  3 worms
  4 dart slugs
  2 leopard geckos
  100 orcs
  4 ball pythons
  8 giant cockroaches
  20 goblins
  9 hobgoblins
  9 jackals
  21 kobolds
  4 quokkas
  13 bats
  3 frilled lizards
  A quokka skeleton (D:7)
  2 quokka zombies
  7 rats
  2 crawling corpses (Vaults:3)
  3 fungi
  7 plants
  13 tentacles
2029 creatures vanquished.

Vanquished Creatures (others)
  Boris (Vaults:2)
  A deep elf master archer (Elf:3)
  2 stone giants
  3 merfolk javelineers
  A two-headed ogre (D:15)
  A centaur warrior (D:14)
  2 satyrs
  A merfolk aquamancer (Shoals:4)
  A deep elf knight (Elf:2)
  An ugly thing (Vaults:3)
  2 cyclopes (Shoals:3)
  17 yaktaurs
  A warg (Vaults:5)
  An orc warrior (D:15)
  An ogre (Vaults:4)
  3 centaurs
  A jelly (D:15)
  An orc wizard (D:15)
  An adder (D:5)
  A shadow imp (D:15)
  6 orcs (D:15)
  A kobold (D:9)
  A quokka skeleton (D:5)
  3 fungi
  13 plants
  20 tentacles
  10 toadstools (Lair:3)
97 creatures vanquished.

Grand Total: 2126 creatures vanquished

Notes
Turn   | Place    | Note
-------+----------+-------------------------------------------
     0 | D:1      | Serafim the Minotaur Fighter began the quest for the Orb.
     0 | D:1      | Reached XP level 1. HP: 19/19 MP: 0/0
   139 | D:1      | You fall through a shaft!
   150 | D:2      | Reached XP level 2. HP: 27/27 MP: 1/1
   706 | D:2      | Reached XP level 3. HP: 31/33 MP: 2/2
   945 | D:2      | Found a glowing golden altar of the Shining One.
   945 | D:2      | Found a glowing silver altar of Zin.
  1394 | D:3      | Reached XP level 4. HP: 37/40 MP: 3/3
  1396 | D:3      | Reached skill level 4 in Fighting
  1399 | D:3      | Noticed Sigmund
  1401 | D:3      | Reached skill level 1 in Dodging
  2025 | D:3      | Reached XP level 5. HP: 42/46 MP: 4/4
  2064 | D:3      | Found a roughly hewn altar of Beogh.
  2126 | D:3      | Noticed Robin
  2137 | D:3      | Killed Robin
  2302 | D:3      | Killed Sigmund
  2302 | D:3      | Reached skill level 5 in Axes
  2302 | D:3      | Reached skill level 5 in Shields
  2302 | D:3      | Reached XP level 6. HP: 53/53 MP: 5/5
  2550 | D:4      | Found a staircase to the Ecumenical Temple.
  2560 | Temple   | Entered the Ecumenical Temple
  2630 | Temple   | Became a worshipper of Warmaster Okawaru
  2816 | D:4      | Got an encrusted ring mail
  2827 | D:4      | Identified the +1 ring mail of Parlour Games {Int+4} (You found it on level 4 of the Dungeon)
  2868 | D:4      | Noticed Serafim's ghost (novice MiFi)
  2889 | D:4      | Killed Serafim's ghost
  2889 | D:4      | Reached * piety under Okawaru
  2889 | D:4      | Reached skill level 5 in Fighting
  2889 | D:4      | Reached skill level 5 in Armour
  2889 | D:4      | Reached XP level 7. HP: 37/61 MP: 6/6
  3020 | D:4      | Found a basalt altar of Yredelemnul.
  3073 | D:4      | Found a white marble altar of Elyvilon.
  3370 | D:5      | Entered Level 5 of the Dungeon
  3397 | D:5      | Noticed Pikel
  3409 | D:5      | Killed Pikel
  3409 | D:5      | Reached ** piety under Okawaru
  3409 | D:5      | Reached skill level 6 in Fighting
  3409 | D:5      | Reached XP level 8. HP: 41/70 MP: 7/7
  3692 | D:5      | Noticed Dowan
  3693 | D:5      | Noticed Duvessa
  3736 | D:5      | Killed Duvessa
  3738 | D:5      | Killed Dowan
  3820 | D:5      | Reached *** piety under Okawaru
  3978 | D:5      | Noticed Menkaure
  3986 | D:5      | Killed Menkaure
  4280 | D:6      | Reached skill level 1 in Throwing
  4315 | D:6      | Reached XP level 9. HP: 78/78 MP: 8/8
  4529 | D:6      | Reached skill level 10 in Axes
  4537 | D:6      | Reached **** piety under Okawaru
  4537 | D:6      | Reached skill level 7 in Fighting
  4793 | D:6      | Found an ancient bone altar of Kikubaaqudgha.
  5160 | D:7      | Noticed an ice statue
  6070 | D:8      | Noticed a two-headed ogre
  6310 | D:8      | Found a hazy altar of Hepliaklqana.
  6435 | D:8      | Found Goronn's Book Shop.
  6486 | D:8      | Noticed a two-headed ogre
  6496 | D:8      | Killed a two-headed ogre
  6496 | D:8      | Reached ***** piety under Okawaru
  6496 | D:8      | Reached XP level 10. HP: 56/88 MP: 9/9
  6629 | D:8      | Found a stormy altar of Qazlal.
  6630 | D:8      | Found a sparkling altar of Nemelex Xobeh.
  6632 | D:8      | Found a deep blue altar of Sif Muna.
  6634 | D:8      | Found a blossoming altar of Fedhas.
  6675 | D:8      | Noticed raetorn's ghost (novice DsGl)
  6693 | D:8      | HP: 2/88 [raetorn's ghost (25)]
  6699 | D:8      | Killed raetorn's ghost
  6699 | D:8      | Reached skill level 8 in Fighting
  7627 | D:9      | Found a shattered altar of Ashenzari.
  7783 | D:9      | Gained mutation: You expend magic power (3 MP) to strengthen your wands. [potion of mutation]
  7783 | D:9      | Gained mutation: Scrolls take you a little longer to read. [potion of mutation]
  7783 | D:9      | Gained mutation: You have a pair of large horns on your head. [potion of mutation]
  7784 | D:9      | Lost mutation: You have a pair of large horns on your head. [potion of mutation]
  7784 | D:9      | Lost mutation: Scrolls take you a little longer to read. [potion of mutation]
  7784 | D:9      | Gained mutation: Your muscles are strong. (Str +2) [potion of mutation]
  7784 | D:9      | Gained mutation: Scrolls take you a little longer to read. [potion of mutation]
  7784 | D:9      | Gained mutation: You evolve. [potion of mutation]
  7784 | D:9      | Gained mutation: You are partially covered in iridescent scales. (AC +2) [potion of mutation]
  7919 | D:9      | Found Hoimomy's Armour Shop.
  7919 | D:9      | Found a staircase to the Orcish Mines.
  7954 | D:9      | Found Rosamn's Weapon Shop.
  8032 | D:9      | Gained mutation: You do not regenerate when monsters are visible. [evolution]
  8032 | D:9      | Lost mutation: You evolve. [end of evolution]
  8198 | D:10     | Entered Level 10 of the Dungeon
  8291 | D:10     | Found a staircase to the Lair.
  8480 | D:10     | Received a gift from Okawaru
  8549 | D:10     | Reached ****** piety under Okawaru
  8551 | D:10     | Reached skill level 9 in Fighting
  8551 | D:10     | Reached XP level 11. HP: 92/97 MP: 10/10
  8687 | D:10     | Noticed an orange crystal statue
  8873 | D:10     | You fall through a shaft for 2 floors!
  8993 | D:11     | Noticed a purple ugly thing
  9006 | D:11     | Killed a purple ugly thing
  9010 | D:11     | Gained mutation: You are resistant to electric shocks. (rElec) [mutagenic meat]
  9034 | D:11     | Lost mutation: Your muscles are strong. (Str +2) [potion of mutation]
  9034 | D:11     | Lost mutation: You are partially covered in iridescent scales. (AC +2) [potion of mutation]
  9034 | D:11     | Lost mutation: Scrolls take you a little longer to read. [potion of mutation]
  9034 | D:11     | Lost mutation: You do not regenerate when monsters are visible. [potion of mutation]
  9034 | D:11     | Gained mutation: Your body sometimes deteriorates upon taking damage. [potion of mutation]
  9034 | D:11     | Gained mutation: Your skin changes colour to match your surroundings (Stealth+). [potion of mutation]
  9116 | D:11     | Received a gift from Okawaru
  9117 | D:11     | Got a jewelled broad axe {god gift}
  9118 | D:11     | Identified the +7 broad axe "Killer Bee's Regret" {freeze, Stlth+} (Okawaru gifted it to you on level 11 of the Dungeon)
  9170 | D:11     | Noticed a green ugly thing
  9179 | D:11     | Killed a green ugly thing
  9184 | D:11     | Gained mutation: You are frail. (-10% HP) [mutagenic meat]
  9185 | D:11     | Gained mutation: You are dopey. (Int -2) [mutagenic meat]
  9186 | D:11     | Gained mutation: You possess an exceptional clarity of mind. [mutagenic meat]
  9404 | D:11     | Reached skill level 10 in Shields
  9410 | D:11     | Noticed Urug
  9425 | D:11     | Killed Urug
  9677 | D:12     | Killed an unseen horror
  9677 | D:12     | Received a gift from Okawaru
  9748 | D:11     | Gained mutation: You are partially covered in rugged brown scales. (AC +1, +3% HP) [mutagenic meat]
  9749 | D:11     | Lost mutation: You are dopey. (Int -2) [mutagenic meat]
  9750 | D:11     | Gained mutation: You are resistant to hostile enchantments. (MR+) [mutagenic meat]
  9891 | D:12     | Noticed a two-headed ogre
  9901 | D:12     | Killed a two-headed ogre
 10093 | D:12     | Reached XP level 12. HP: 96/98 MP: 11/11
 10180 | D:12     | Received a gift from Okawaru
 10180 | D:12     | Reached skill level 10 in Fighting
 10181 | D:12     | Got a distressingly furry scarf {god gift}
 10187 | D:12     | Identified the scarf of the Gate {rC- rN+ Int+3} (Okawaru gifted it to you on level 12 of the Dungeon)
 10647 | D:13     | Reached skill level 10 in Armour
 10731 | D:13     | Reached skill level 5 in Throwing
 10790 | D:13     | Found a flagged portal.
 10831 | Bailey   | Entered a bailey
 10843 | Bailey   | Noticed an orc warlord
 11012 | Bailey   | Found a runed gate.
 11012 | Bailey   | Found a runed gate.
 11043 | Bailey   | Found a runed gate.
 11239 | Bailey   | Killed an orc warlord
 11239 | Bailey   | Reached skill level 15 in Axes
 11373 | D:13     | Identified a scroll of acquirement
 11374 | D:13     | Got brightly glowing gold dragon scales
 11385 | D:13     | Identified the +5 gold dragon scales of Masochism {+Inv rPois rF+ rC+ rCorr Str+2 Dex+2} (You acquired it on level 13 of the Dungeon)
 11387 | D:13     | Reached skill level 5 in Dodging
 11387 | D:13     | Reached skill level 1 in Spellcasting
 11387 | D:13     | Reached skill level 1 in Conjurations
 11387 | D:13     | Reached skill level 1 in Hexes
 11387 | D:13     | Reached skill level 1 in Charms
 11387 | D:13     | Reached skill level 1 in Summonings
 11387 | D:13     | Reached skill level 1 in Necromancy
 11387 | D:13     | Reached skill level 1 in Translocations
 11387 | D:13     | Reached skill level 1 in Transmutations
 11387 | D:13     | Reached skill level 1 in Evocations
 11387 | D:13     | Reached XP level 13. HP: 106/106 MP: 11/13
 11397 | D:13     | Learned a level 2 spell: Blink
 11400 | D:13     | Learned a level 2 spell: Call Imp
 11880 | D:13     | Found a gate to the Vaults.
 12126 | Orc:1    | Entered Level 1 of the Orcish Mines
 12319 | Orc:1    | Reached skill level 11 in Fighting
 12505 | Orc:2    | Entered Level 2 of the Orcish Mines
 12505 | Orc:2    | Found a roughly hewn altar of Beogh.
 12638 | Orc:2    | Found a roughly hewn altar of Beogh.
 12654 | Orc:2    | Found Uppiakk's Gadget Emporium.
 12672 | Orc:2    | Noticed Jannitor's ghost (journeyman MiGl)
 12712 | Orc:2    | Killed Jannitor's ghost
 12712 | Orc:2    | Received a gift from Okawaru
 12713 | Orc:2    | Got a dazzling longbow {god gift}
 12834 | Orc:2    | Found a roughly hewn altar of Beogh.
 13043 | Orc:2    | Found a roughly hewn altar of Beogh.
 13067 | Orc:2    | Found a staircase to the Elven Halls.
 13199 | Orc:2    | Found a roughly hewn altar of Beogh.
 13225 | Orc:2    | Found a roughly hewn altar of Beogh.
 13242 | Orc:2    | Found Wihomir's Weapon Shop.
 13405 | Orc:2    | Found a roughly hewn altar of Beogh.
 13486 | Orc:2    | Noticed an orc warlord
 13511 | Orc:2    | Reached XP level 14. HP: 102/115 MP: 14/14
 13523 | Orc:2    | Killed an orc warlord
 13561 | Orc:2    | Found Utozeemiwo's Antique Weapon Emporium.
 13562 | Orc:2    | Found a roughly hewn altar of Beogh.
 13563 | Orc:2    | Found Bohuten's Antique Armour Shoppe.
 13576 | Orc:2    | Bought a runed broad axe for 245 gold pieces
 13758 | Lair:1   | Entered Level 1 of the Lair of Beasts
 13773 | Lair:1   | Noticed Grum
 13784 | Lair:1   | Killed Grum
 13872 | Lair:1   | Lost mutation: Your body sometimes deteriorates upon taking damage. [potion of mutation]
 13872 | Lair:1   | Lost mutation: You expend magic power (3 MP) to strengthen your wands. [potion of mutation]
 13872 | Lair:1   | Lost mutation: You are resistant to hostile enchantments. (MR+) [potion of mutation]
 13872 | Lair:1   | Lost mutation: You possess an exceptional clarity of mind. [potion of mutation]
 13872 | Lair:1   | Gained mutation: You have a pair of large horns on your head. [potion of mutation]
 13967 | Lair:1   | Received a gift from Okawaru
 13969 | Lair:1   | Got a pair of fine boots {god gift}
 13980 | Lair:1   | Identified the +1 pair of boots of the Eternal Fruit {MR++} (Okawaru gifted it to you on level 1 of the Lair of Beasts)
 14157 | Lair:1   | Reached skill level 12 in Fighting
 14811 | Lair:2   | Found a staircase to the Shoals.
 15601 | Lair:3   | Found a hole to the Spider Nest.
 15733 | Lair:3   | Found a runed door.
 16147 | Lair:3   | Received a gift from Okawaru
 16204 | Lair:3   | Got a faintly glowing marble ring
 16208 | Lair:3   | Identified the ring of Weptezaw {rElec rC+ rN+++ MP-9 Dex+3} (You found it on level 3 of the Lair of Beasts)
 16294 | Lair:4   | Noticed Snorg
 16304 | Lair:4   | Killed Snorg
 16434 | Lair:4   | Noticed Nessos
 16435 | Lair:4   | Noticed Harold
 16605 | Lair:4   | Killed Nessos
 18048 | Lair:6   | Entered Level 6 of the Lair of Beasts
 18048 | Lair:6   | Found a frozen archway.
 18052 | Lair:6   | Reached XP level 15. HP: 124/124 MP: 6/15
 18062 | IceCv    | Entered an ice cave
 18068 | IceCv    | Reached skill level 13 in Fighting
 18113 | IceCv    | Received a gift from Okawaru
 18234 | IceCv    | Found an ancient bone altar of Kikubaaqudgha.
 18459 | IceCv    | Received a gift from Okawaru
 18461 | IceCv    | Got an ichor-stained cloak {god gift}
 18474 | IceCv    | Identified the +2 cloak "Moaxzufi" {Int+5 Stlth+} (Okawaru gifted it to you in an ice cave)
 18526 | IceCv    | Identified Gijout's Guide on Ice
 19484 | Lair:6   | Killed Harold
 19702 | Lair:6   | Got a slimy ivory ring
 19870 | Lair:6   | Found a viscous altar of Jiyva.
 19871 | Lair:6   | Found a staircase to the Slime Pits.
 20013 | Lair:6   | Reached skill level 14 in Fighting
 20877 | D:9      | Identified the ring of Apice {Ice Str-5 Dex+7} (You found it on level 6 of the Lair of Beasts)
 20926 | Elf:1    | Entered Level 1 of the Elven Halls
 20944 | Elf:1    | Received a gift from Okawaru
 20945 | Elf:1    | Got a slimy cloak {god gift}
 20956 | Elf:1    | Identified the +0 cloak of Restlessness {Int+6} (Okawaru gifted it to you on level 1 of the Elven Halls)
 21218 | Elf:1    | Noticed Asterion
 21223 | Elf:1    | Noticed an Executioner
 21234 | Elf:1    | Killed Asterion
 21237 | Elf:1    | Lost mutation: You are frail. (-10% HP) [potion of mutation]
 21237 | Elf:1    | Lost mutation: You have a pair of large horns on your head. [potion of mutation]
 21237 | Elf:1    | Lost mutation: You are resistant to electric shocks. (rElec) [potion of mutation]
 21237 | Elf:1    | Gained mutation: You have a pair of large horns on your head. [potion of mutation]
 21237 | Elf:1    | Gained mutation: You are agile. (Dex +2) [potion of mutation]
 21404 | Elf:1    | Found Xearchor's Assorted Antiques.
 21538 | Elf:1    | Reached XP level 16. HP: 117/151 MP: 7/16
 22001 | Elf:2    | Reached skill level 15 in Shields
 22004 | Elf:2    | Reached skill level 15 in Fighting
 22433 | Elf:2    | Received a gift from Okawaru
 22464 | Elf:2    | Received a gift from Okawaru
 22465 | Elf:2    | Got a shimmering broad axe {god gift}
 22466 | Elf:2    | Identified the +1 broad axe of Armageddon {chop, Dex+2} (Okawaru gifted it to you on level 2 of the Elven Halls)
 22502 | Elf:2    | Found a runed gate.
 22502 | Elf:2    | Found a runed gate.
 22503 | Elf:2    | Found a runed gate.
 22681 | Elf:2    | Noticed a deep elf blademaster
 22692 | Elf:2    | Killed a deep elf blademaster
 22852 | Elf:2    | Received a gift from Okawaru
 23084 | Elf:2    | Reached skill level 16 in Fighting
 23089 | Elf:2    | Received a gift from Okawaru
 23099 | Elf:2    | Got a pair of transparent boots {god gift}
 23193 | Elf:2    | Identified the +2 pair of boots of Tender Moments {rElec} (Okawaru gifted it to you on level 2 of the Elven Halls)
 23420 | Elf:3    | Entered Level 3 of the Elven Halls
 23428 | Elf:3    | Found Uxorir's Jewellery Boutique.
 23454 | Elf:3    | Bought the amulet "Rirghoumn" {Reflect Str+2 SH+3} for 322 gold pieces
 23909 | Elf:3    | Noticed a deep elf blademaster
 23924 | Elf:3    | Killed a deep elf blademaster
 23952 | Elf:3    | Reached XP level 17. HP: 147/162 MP: 8/17
 24164 | Elf:3    | Noticed a deep elf master archer
 24165 | Elf:3    | Noticed an Ice Fiend
 24551 | Elf:3    | Killed a deep elf master archer
 24597 | Elf:3    | Noticed a deep elf master archer
 24599 | Elf:3    | Killed a deep elf master archer
 24782 | Elf:3    | Lost mutation: You have a pair of large horns on your head. [potion of mutation]
 24782 | Elf:3    | Lost mutation: You are agile. (Dex +2) [potion of mutation]
 24782 | Elf:3    | Lost mutation: You are partially covered in rugged brown scales. (AC +1, +3% HP) [potion of mutation]
 24782 | Elf:3    | Gained mutation: You tend to lose your temper in combat. [potion of mutation]
 24782 | Elf:3    | Gained mutation: You are dopey. (Int -2) [potion of mutation]
 24782 | Elf:3    | Gained mutation: You have an increased reservoir of magic. (+10% MP) [potion of mutation]
 24803 | Elf:3    | Noticed a deep elf blademaster
 24825 | Elf:3    | Killed a deep elf blademaster
 24834 | Elf:3    | Killed a ghostly deep elf blademaster
 25310 | Elf:3    | Got an iridescent dagger
 25314 | Elf:3    | Got an ichor-stained morningstar
 25315 | Elf:3    | Identified the cursed +1 morningstar of Defilement {crush, +Blink} (You found it on level 3 of the Elven Halls)
 25323 | Elf:3    | Received a gift from Okawaru
 25358 | Elf:3    | Got a scintillating steel ring
 25396 | Elf:3    | Identified the ring of Loeroaf {rN+++ Str+6 Dex-3 Slay-3 Stlth-} (You took it off a deep elf demonologist on level 3 of the Elven Halls)
 25400 | Elf:3    | Got a scorched long sword {elec}
 25401 | Elf:3    | Identified the cursed +3 long sword of Symmetry {elec, +Rage rF+ rN+ Int-2 SInv} (You took it off a deep elf annihilator on level 3 of the Elven Halls)
 25915 | Shoals:1 | Entered Level 1 of the Shoals
 26200 | Shoals:1 | Reached skill level 15 in Armour
 26275 | Shoals:1 | Reached skill level 17 in Fighting
 26282 | Shoals:1 | Found a hide-covered altar of Uskayaw.
 26298 | Shoals:1 | Received a gift from Okawaru
 27087 | Shoals:2 | Noticed Louise
 27106 | Shoals:2 | Killed Louise
 27165 | Shoals:2 | Noticed a kraken
 27184 | Shoals:2 | Killed a kraken
 27361 | Shoals:2 | Noticed a kraken
 27380 | Shoals:2 | Killed a kraken
 27537 | Shoals:2 | Reached XP level 18. HP: 150/170 MP: 13/22
 27591 | Shoals:2 | Noticed Polyphemus
 27623 | Shoals:2 | Killed Polyphemus
 28537 | D:12     | Lost mutation: You are dopey. (Int -2) [mutagenic glow]
 28928 | D:14     | Received a gift from Okawaru
 29206 | D:14     | Lost mutation: You have an increased reservoir of magic. (+10% MP) [mutagenic meat]
 29207 | D:14     | Gained mutation: You have a beak for a mouth. [mutagenic meat]
 29209 | D:14     | Gained mutation: You are partially covered in rugged brown scales. (AC +1, +3% HP) [mutagenic meat]
 29419 | D:15     | Entered Level 15 of the Dungeon
 29433 | D:14     | Lost mutation: You tend to lose your temper in combat. [mutagenic meat]
 29434 | D:14     | Gained mutation: Your magical capacity is low. (-10% MP) [mutagenic meat]
 29435 | D:14     | Gained mutation: You expend magic power (3 MP) to strengthen your wands. [mutagenic meat]
 29469 | D:15     | Gained mutation: Your mind is acute. (Int +2) [mutagenic meat]
 29470 | D:15     | Gained mutation: You are clumsy. (Dex -2) [mutagenic meat]
 29471 | D:15     | Gained mutation: You possess an exceptional clarity of mind. [mutagenic meat]
 29472 | D:15     | Gained mutation: Armour fits poorly on your strangely shaped body. [mutagenic meat]
 29474 | D:15     | Lost mutation: Armour fits poorly on your strangely shaped body. [mutagenic meat]
 29475 | D:15     | Lost mutation: Your magical capacity is low. (-10% MP) [mutagenic meat]
 29476 | D:15     | Lost mutation: You are clumsy. (Dex -2) [mutagenic meat]
 29578 | D:15     | Gained mutation: Your spells are a little easier to cast, but a little less powerful. [mutagenic meat]
 29579 | D:15     | Lost mutation: Your spells are a little easier to cast, but a little less powerful. [mutagenic meat]
 29581 | D:15     | Gained mutation: You do not regenerate when monsters are visible. [mutagenic meat]
 29713 | D:15     | Found a sacrificial altar of Ru.
 29966 | D:15     | Found a staircase to the Depths.
 30054 | D:15     | Noticed Lavandula's ghost (journeyman DsBe)
 30065 | D:15     | Killed Lavandula's ghost
 30242 | D:15     | Reached skill level 18 in Fighting
 30980 | Slime:1  | Entered Level 1 of the Pits of Slime
 31239 | Slime:1  | Received a gift from Okawaru
 31276 | Slime:1  | Lost mutation: You are partially covered in rugged brown scales. (AC +1, +3% HP) [a shining eye]
 31278 | Slime:1  | Lost mutation: Your mind is acute. (Int +2) [a shining eye]
 31278 | Slime:1  | Gained mutation: You are dopey. (Int -2) [a shining eye]
 31279 | Slime:1  | Gained mutation: Scrolls take you a little longer to read. [a shining eye]
 31306 | Slime:1  | Gained mutation: You have sharp toenails. [a shining eye]
 31310 | Slime:1  | Received a gift from Okawaru
 31317 | Slime:1  | Got a polished quarterstaff {god gift}
 31364 | Slime:1  | Lost mutation: You do not regenerate when monsters are visible. [a shining eye]
 31365 | Slime:1  | Lost mutation: You possess an exceptional clarity of mind. [a shining eye]
 31373 | Slime:1  | Gained mutation: You are very dopey. (Int -4) [a shining eye]
 31989 | Slime:1  | Lost mutation: Scrolls take you a little longer to read. [a shining eye]
 32473 | Shoals:3 | Noticed Aizul
 32483 | Shoals:3 | Killed Aizul
 32486 | Shoals:3 | Received a gift from Okawaru
 32488 | Shoals:3 | Reached skill level 5 in Summonings
 32496 | Shoals:3 | Received a gift from Okawaru
 32542 | Shoals:3 | Noticed Kirke
 32558 | Shoals:3 | Killed Kirke
 32658 | Shoals:3 | Got a translucent mace
 32721 | Shoals:3 | Found Kacosmu's Jewellery Shop.
 32845 | Shoals:3 | Reached XP level 19. HP: 180/180 MP: 12/21
 32956 | Shoals:4 | Entered Level 4 of the Shoals
 32980 | Shoals:4 | Noticed Mara
 32984 | Shoals:4 | Noticed Serafim's illusion
 33262 | Shoals:4 | Noticed Serafim's illusion
 33333 | Shoals:4 | Noticed Serafim's illusion
 33336 | Shoals:4 | Killed Mara
 33340 | Shoals:4 | Received a gift from Okawaru
 33611 | Shoals:4 | Received a gift from Okawaru
 33787 | Shoals:4 | Received a gift from Okawaru
 33905 | Shoals:4 | Noticed Ilsuiw
 34358 | Shoals:4 | Identified Bamoill's Guide on Supportive Conjuration
 34387 | Shoals:4 | Received a gift from Okawaru
 34388 | Shoals:4 | Identified the +6 mace of Reason {pain, *Drain MR+ SInv Stlth+} (You found it on level 3 of the Shoals)
 34401 | Shoals:4 | Got a wavering bone amulet
 34526 | Shoals:4 | Got a barnacled rune of Zot
 34724 | Shoals:4 | Received a gift from Okawaru
 34724 | Shoals:4 | Reached skill level 19 in Fighting
 34834 | Shoals:4 | Killed Ilsuiw
 35182 | Shoals:4 | Identified the amulet of Laipp {RegenMP Str+3} (You took it off a merfolk impaler on level 4 of the Shoals)
 35395 | Shoals:4 | Got a jewelled great sword {holy}
 35693 | D:9      | Identified the +1 great sword "Giantslayer" {holy, Dex+4} (You took it off a merfolk on level 4 of the Shoals)
 35697 | D:9      | Identified the +3 quarterstaff of Wuokoh {freeze, +Blink rF- rN+ Dex+3} (Okawaru gifted it to you on level 1 of the Pits of Slime)
 36004 | Depths:1 | Entered Level 1 of the Depths
 36004 | Depths:1 | Found a gateway to a ziggurat.
 36004 | Depths:1 | Found a gateway to Hell.
 36253 | Depths:1 | Gained mutation: You occasionally shout uncontrollably at your foes. [mutagenic meat]
 36254 | Depths:1 | Gained mutation: Your movements are slightly less encumbered by armour. (ER -2) [mutagenic meat]
 36320 | Depths:1 | Paralysed by a floating eye for 3 turns
 36330 | Depths:1 | Received a gift from Okawaru
 36415 | Depths:1 | Paralysed by a hornet for 2 turns
 36451 | Depths:1 | Got a scorched spear
 36477 | Depths:1 | Found a corrupted altar of Lugonu.
 36520 | Depths:1 | Received a gift from Okawaru
 36600 | Depths:1 | Reached skill level 10 in Dodging
 36722 | Depths:1 | Found a one-way gate leading to the halls of Pandemonium.
 36828 | Depths:1 | Identified the +7 spear of Wounding {antimagic, rElec rF+} (You found it on level 1 of the Depths)
 37389 | Spider:1 | Entered Level 1 of the Spider Nest
 37418 | Spider:1 | Noticed Frances
 37428 | Spider:1 | Killed Frances
 37464 | Spider:1 | Received a gift from Okawaru
 37469 | Spider:1 | Reached XP level 20. HP: 187/192 MP: 22/22
 37482 | Spider:1 | Got an opalescent robe {god gift}
 38140 | Spider:2 | You fall through a shaft!
 38143 | Spider:3 | Got a polished scale mail
 38472 | Spider:3 | Noticed Roxanne
 38492 | Spider:3 | Killed Roxanne
 38500 | Spider:3 | Identified Roxanne's Reference Book on Transmutation (You took it off Roxanne on level 3 of the Spider Nest)
 38520 | Spider:3 | Noticed Arachne
 38532 | Spider:3 | Killed Arachne
 39097 | Spider:4 | Entered Level 4 of the Spider Nest
 39429 | Spider:4 | Reached skill level 20 in Fighting
 39679 | Spider:4 | Received a gift from Okawaru
 39680 | Spider:4 | Got a fine hat {god gift}
 39691 | Spider:4 | Identified the +2 hat of Chimes {rPois rF+ rN+} (Okawaru gifted it to you on level 4 of the Spider Nest)
 39816 | Spider:4 | Got a gossamer rune of Zot
 40493 | D:9      | Identified the +1 robe of Zicsabli {Dex+6} (Okawaru gifted it to you on level 1 of the Spider Nest)
 40503 | D:9      | Identified the +2 scale mail of Life {rF+ Int+2} (You found it on level 3 of the Spider Nest)
 40534 | D:9      | Got a pair of ancient gloves
 40545 | D:9      | Identified the +0 pair of gloves of Biluet {rC+ Dex-4 Slay+3} (You acquired it on level 9 of the Dungeon)
 40814 | Vaults:1 | Entered Level 1 of the Vaults
 41162 | Vaults:1 | Lost mutation: You are very dopey. (Int -4) [mutagenic meat]
 41243 | Vaults:1 | Reached XP level 21. HP: 202/202 MP: 16/25
 41360 | Vaults:1 | Gained mutation: You passively map a small area around you. [mutagenic meat]
 41362 | Vaults:1 | Gained mutation: Your spells are a little easier to cast, but a little less powerful. [mutagenic meat]
 41363 | Vaults:1 | Gained mutation: You are robust. (+10% HP) [mutagenic meat]
 41364 | Vaults:1 | Lost mutation: You passively map a small area around you. [mutagenic meat]
 41526 | Vaults:1 | Received a gift from Okawaru
 41855 | Vaults:1 | Received a gift from Okawaru
 42610 | Vaults:2 | Noticed Boris
 42619 | Vaults:2 | Killed Boris
 42704 | Vaults:2 | Reached skill level 21 in Fighting
 42860 | Vaults:2 | Gained mutation: You are very dopey. (Int -4) [mutagenic meat]
 42861 | Vaults:2 | Gained mutation: Your flesh is heat resistant. (rF+) [mutagenic meat]
 43117 | Vaults:2 | Lost mutation: You have sharp toenails. [mutagenic meat]
 43119 | Vaults:2 | Lost mutation: You are robust. (+10% HP) [mutagenic meat]
 43286 | Vaults:2 | Found a staircase to the Crypt.
 43683 | Vaults:3 | Received a gift from Okawaru
 44107 | Vaults:3 | Gained mutation: Your muscles are strong. (Str +2) [mutagenic meat]
 44109 | Vaults:3 | Lost mutation: You occasionally shout uncontrollably at your foes. [mutagenic meat]
 44110 | Vaults:3 | Gained mutation: You are occasionally teleported next to monsters. [mutagenic meat]
 44270 | Vaults:3 | Lost mutation: Your muscles are strong. (Str +2) [mutagenic meat]
 44271 | Vaults:3 | Gained mutation: You possess an exceptional clarity of mind. [mutagenic meat]
 44386 | Vaults:3 | Received a gift from Okawaru
 44410 | Vaults:3 | Found a portal to a secret trove of treasure.
 44449 | Vaults:3 | Reached skill level 5 in Spellcasting
 44485 | Vaults:3 | Reached XP level 22. HP: 207/214 MP: 19/28
 44506 | Vaults:3 | Gained mutation: You are partially covered in icy blue scales. (AC +2) [mutagenic meat]
 44508 | Vaults:3 | Lost mutation: You are very dopey. (Int -4) [mutagenic meat]
 44509 | Vaults:3 | Lost mutation: You possess an exceptional clarity of mind. [mutagenic meat]
 44904 | Vaults:4 | Noticed Jorgrun
 44912 | Vaults:4 | Killed Jorgrun
 44929 | Vaults:4 | Received a gift from Okawaru
 44935 | Vaults:4 | Reached skill level 22 in Fighting
 45133 | Vaults:4 | Received a gift from Okawaru
 45690 | Vaults:4 | Received a gift from Okawaru
 45726 | Vaults:4 | Lost mutation: Your spells are a little easier to cast, but a little less powerful. [mutagenic meat]
 45727 | Vaults:4 | Gained mutation: You possess an exceptional clarity of mind. [mutagenic meat]
 45728 | Vaults:4 | Lost mutation: Your flesh is heat resistant. (rF+) [mutagenic meat]
 45729 | Vaults:4 | Gained mutation: You are resistant to hostile enchantments. (MR+) [mutagenic meat]
 45730 | Vaults:4 | Lost mutation: You are resistant to hostile enchantments. (MR+) [mutagenic meat]
 45731 | Vaults:4 | Lost mutation: You are dopey. (Int -2) [mutagenic meat]
 45732 | Vaults:4 | Gained mutation: You occasionally shout uncontrollably at your foes. [mutagenic meat]
 45733 | Vaults:4 | Lost mutation: You expend magic power (3 MP) to strengthen your wands. [mutagenic meat]
 45734 | Vaults:4 | Lost mutation: You occasionally shout uncontrollably at your foes. [mutagenic meat]
 46040 | Vaults:4 | Got a brightly glowing falchion {slice}
 46180 | Vaults:4 | Identified the +7 falchion of Laczott {slice, rF+ rC- Str+5} (You took it off a deep elf knight on level 4 of the Vaults)
 46340 | Vaults:4 | Received a gift from Okawaru
 47121 | Vaults:4 | Gained mutation: You are resistant to hostile enchantments. (MR+) [mutagenic meat]
 47123 | Vaults:4 | Gained mutation: You have a somewhat thin skeletal structure. (Dex +2, Stealth) [mutagenic meat]
 47124 | Vaults:4 | Gained mutation: Your spells are a little harder to cast, but a little more powerful. [mutagenic meat]
 47329 | Vaults:4 | Received a gift from Okawaru
 47562 | Vaults:5 | Entered Level 5 of the Vaults
 47601 | Vaults:4 | Reached skill level 1 in Stealth
 47783 | Vaults:4 | Reached XP level 23. HP: 223/223 MP: 22/31
 47875 | Vaults:5 | Reached skill level 23 in Fighting
 48099 | Vaults:5 | Received a gift from Okawaru
 48348 | Vaults:5 | Got a vibrating brass ring
 48852 | Vaults:5 | Got a brightly glowing whip
 48866 | Vaults:5 | Identified the +6 whip of Propriety {drain, Int+6} (You found it on level 5 of the Vaults)
 48875 | Vaults:5 | Identified the ring "Vepn" {MR+ Dex+5} (You took it off a yaktaur captain on level 5 of the Vaults)
 48903 | Vaults:5 | Received a gift from Okawaru
 48919 | Vaults:5 | Noticed Sojobo
 48925 | Vaults:5 | Killed Sojobo
 48988 | Vaults:5 | Got a pair of shimmering gloves
 48999 | Vaults:5 | Identified the +0 pair of gloves "Mieng" {Int+3} (You found it on level 5 of the Vaults)
 49056 | Vaults:5 | Identified the Tome of the Entourage
 49079 | Vaults:5 | Received a gift from Okawaru
 49140 | Vaults:5 | Received a gift from Okawaru
 49518 | D:9      | Learned a level 1 spell: Summon Small Mammal
 49521 | D:9      | Learned a level 2 spell: Sticks to Snakes
 50059 | Vaults:5 | Got a silver rune of Zot
 50180 | Vaults:5 | Received a gift from Okawaru
 50376 | Vaults:5 | Noticed an ancient lich
 50376 | Vaults:5 | Noticed Saint Roka
 50388 | Vaults:5 | Killed Saint Roka
 50388 | Vaults:5 | Reached XP level 24. HP: 201/235 MP: 22/31
 50391 | Vaults:5 | Received a gift from Okawaru
 50401 | Vaults:5 | Killed an ancient lich
 50774 | Vaults:5 | Got a scintillating silver ring
 51097 | Vaults:5 | Identified the ring of Hutosoo {-Tele rPois Str+7 SInv} (You found it on level 5 of the Vaults)
 51502 | D:9      | Learned a level 3 spell: Regeneration
 51818 | Slime:2  | Reached skill level 24 in Fighting
 52692 | Slime:5  | Entered Level 5 of the Pits of Slime
 52718 | Slime:5  | Noticed the Royal Jelly
 53038 | Slime:5  | Killed the Royal Jelly
 53099 | Slime:4  | HP: 5/238 [acid blob (18)]
 53099 | Slime:4  | HP: 1/238 [acid (4)]
 53103 | Slime:4  | Slain by an acid blob

Skill      XL: |  1  2  3  4  5  6  7  8  9 10 11 12 13 14 15 16 17 18 19 20 21 22 23 24 |
---------------+-------------------------------------------------------------------------+-----
Shields        | 4 5 6 7 9 10 11 12 13 14 16 17 18 19 20 21 | 21.5
Armour         | 4 5 6 7 8 9 10 11 12 13 14 15 16 17 18 19 | 19.9
Axes           | 3 5 6 8 9 11 13 14 15 16 18 19 20 21 22 23 | 23.1
Fighting       | 4 5 6 7 9 10 11 12 14 16 17 18 19 20 21 22 23 24 | 24.2
Dodging        | 1 2 3 4 5 7 8 10 11 12 13 14 | 14.0
Throwing       | 1 2 4 5 6 7 8 9 |  9.9
Spellcasting   | 1 2 3 5 6 |  6.0
Conjurations   | 1 |  1.2
Hexes          | 1 |  1.1
Charms         | 1 |  1.1
Summonings     | 1 5 7 8 |  8.2
Necromancy     | 1 |  1.2
Translocations | 1 2 |  2.1
Transmutations | 1 2 3 |  3.5
Evocations     | 1 4 |  4.1
Stealth        | 1 4 |  4.0

Action                   |  1- 3 |  4- 6 |  7- 9 | 10-12 | 13-15 | 16-18 | 19-21 | 22-24 || total
-------------------------+-------+-------+-------+-------+-------+-------+-------+-------++-------
Melee: War axe           |   121 |   103 |   257 |   211 |       |     4 |       |       ||   696
       Headbutt          |    12 |    16 |    48 |   103 |   288 |   280 |   443 |   295 ||  1485
       Broad axe         |       |       |       |   194 |   938 |  1003 |  1392 |   877 ||  4404
       Mace              |       |       |       |       |    65 |       |    47 |       ||   112
       Hand axe          |       |       |       |       |    79 |       |       |       ||    79
       Peck              |       |       |       |       |       |    79 |   382 |   309 ||   770
Throw: Tomahawk          |       |       |     6 |    66 |    54 |   111 |    33 |       ||   270
       Javelin           |       |       |       |       |       |       |    74 |    18 ||    92
 Abil: Evoke Invisibilit |       |       |       |       |       |     3 |       |       ||     3
       Evoke Flight      |       |       |       |       |       |     1 |     1 |       ||     2
Evoke: Wand              |       |       |       |     3 |       |       |       |       ||     3
       Box of beasts     |       |       |       |       |       |       |     2 |     1 ||     3
       Phial of floods   |       |       |       |       |       |       |     1 |       ||     1
  Use: Scroll            |       |       |    12 |    11 |     9 |     6 |    12 |    17 ||    67
       Potion            |       |       |     5 |     7 |     3 |     1 |     3 |     5 ||    24
 Stab: Paralysed         |       |       |       |     8 |       |       |       |       ||     8
       Petrified         |       |       |       |     1 |     1 |       |       |       ||     2
       Distracted        |       |       |       |     1 |       |       |     2 |       ||     3
       Petrifying        |       |       |       |     1 |       |       |       |       ||     1
       Held in net/web   |       |       |       |       |       |       |     1 |       ||     1
  Eat: Chunk             |     2 |     4 |    12 |    29 |    31 |    52 |    63 |    41 ||   234
       Fruit             |       |       |       |       |     2 |     2 |     1 |     8 ||    13
       Royal jelly       |       |       |       |       |       |     2 |       |       ||     2
Armor: Scale mail        |    61 |    30 |       |       |       |       |       |       ||    91
       Ring mail         |       |     5 |    67 |    16 |       |       |       |       ||    88
       Chain mail        |       |       |       |   145 |       |       |       |       ||   145
       Gold dragon scale |       |       |       |       |   365 |   395 |   574 |   348 ||  1682
Dodge: Dodged            |    33 |    42 |    91 |   120 |   166 |   165 |   476 |   287 ||  1380
Block: Shield            |    82 |    46 |   136 |   290 |   538 |   745 |  1388 |   771 ||  3996
       Reflection        |       |       |       |       |       |    77 |   146 |    65 ||   288
